 Dungeon Crawl Stone Soup version 0.19.0-20-gbc5f0c6 (webtiles) character file.

30 KristoblXynda the Poker (level 3, -4/32 HPs)
             Began as a Naga Gladiator on Nov 17, 2016.
             Slain by a goblin
             ... wielding a +2 dagger of electrocution
              (10 damage)
             ... on level 2 of the Dungeon.
             The game lasted 00:02:43 (983 turns).

KristoblXynda the Poker (Naga Gladiator)             Turns: 983, Time: 00:02:44

Health: -4/32      AC:  4    Str: 17    XL:     3   Next: 20%
Magic:  3/3        EV: 10    Int:  9    God:
Gold:   112        SH:  0    Dex: 11    Spells: 0 memorised, 2 levels left

rFire  . . .     SeeInvis +     a - +0 trident
rCold  . . .     Gourm    .     b - +0 leather armour
rNeg   . . .     Faith    .     (no shield)
rPois  +         Spirit   .     c - +0 helmet
rElec  .         Reflect  .     (no cloak)
rCorr  .         Harm     .     n - +0 pair of gloves
MR     .....                    (no barding)
Stlth  +.........               (no amulet)
                                (no ring)
                                (no ring)

@: short of breath, very slow
A: see invisible, deformed body, poison resistance, slowness 2, slow metabolism
1, spit poison 1, AC +1
a: Spit Poison


You were on level 2 of the Dungeon.
You were not hungry.

You visited 1 branch of the dungeon, and saw 2 of its levels.

You collected 112 gold pieces.

Inventory:

Hand Weapons
 a - a +0 trident (weapon)
 i - a +1 whip of freezing
Missiles
 d - 3 throwing nets (quivered)
Armour
 b - a +0 leather armour (worn)
 c - a +0 helmet (worn)
 n - a +0 pair of gloves (worn)
Scrolls
 e - a scroll of enchant armour {unknown}
 h - a scroll of amnesia {unknown}
 m - 2 scrolls of enchant weapon {unknown}
Potions
 j - a potion of brilliance {unknown}
 k - a potion of resistance {unknown}
 l - 2 potions of mutation {unknown}
Comestibles
 f - 2 bread rations
 g - 2 fruits


   Skills:
 - Level 2.0 Fighting
 + Level 3.3 Polearms
 - Level 2.2 Throwing
 + Level 2.7 Dodging
 + Level 1.2 Stealth


You had 2 spell levels left.
You didn't know any spells.

Dungeon Overview and Level Annotations

Branches:
Dungeon (2/15)

Altars:


Innate Abilities, Weirdness & Mutations

You cannot wear boots.
Your serpentine skin is tough. (AC +1)
You have supernaturally acute eyesight. (SInv)
Armour fits poorly on your strangely shaped body.
Your system is resistant to poisons. (rPois)
You cover ground very slowly.
You have a slow metabolism.
You can spit poison.


Message History

* * * LOW HITPOINT WARNING * * *
You hit the goblin but do no damage.
The goblin is moderately wounded.
The goblin hits you but does no damage.
You barely miss the goblin.
The goblin is moderately wounded.
The goblin closely misses you.
You closely miss the goblin.
The goblin is moderately wounded.
The goblin completely misses you.
Press: ? - help, Shift-Dir - straight line, f - goblin
Aim: a goblin, wielding a dagger of electrocution (moderately wounded)
The splash of poison misses the goblin.
You feel slightly more hungry. The goblin hits you but does no damage.
You closely miss the goblin.
The goblin is moderately wounded.
The goblin hits you with a dagger of electrocution.
* * * LOW HITPOINT WARNING * * *
You are electrocuted!
You die...

### ..# #.# # ### #g#
#.#####.#####@#####.
###.............>......
..........#####.#######
###.####..#####.#
#.....##.# #..##.##.#
.####...#.##.#
#.............####
#.#...............


You could see a goblin.

Vanquished Creatures
  A dart slug (D:1)
  2 giant cockroaches (D:2)
  2 goblins
  11 hobgoblins
  2 bats (D:2)
  A frilled lizard (D:2)
  4 kobolds
  3 rats
26 creatures vanquished.

Notes
Turn   | Place    | Note
-------+----------+-------------------------------------------
     0 | D:1      | KristoblXynda the Naga Gladiator began the quest for the Orb.
     0 | D:1      | Reached XP level 1. HP: 19/19 MP: 1/1
   153 | D:1      | Reached XP level 2. HP: 15/26 MP: 2/2
   202 | D:1      | HP: 1/26 [hobgoblin/club (3)]
   209 | D:1      | HP: 1/26 [kobold/stone (2)]
   851 | D:2      | Reached XP level 3. HP: 29/32 MP: 3/3
   877 | D:2      | Reached skill level 1 in Stealth
   983 | D:2      | Slain by a goblin

Skill      XL: |  1  2  3 |
---------------+----------+-----
Throwing       | 2 |  2.2
Stealth        | 1 |  1.2
Fighting       | |  2.0
Polearms       | |  3.3
Dodging        | |  2.7

Action                   || total
-------------------------++-------
Melee: Trident           ||    75
 Abil: Spit Poison       ||     3
  Use: Potion            ||     1
Armor: Leather armour    ||    10
Dodge: Dodged            ||    37
